 Dungeon Crawl Stone Soup version 0.31-a0-1068-g5939ac1 (webtiles) character file.

Game seed: 14739900939356835004

2295132 DevouringOne the Cruiserweight Champion (level 26, 264/264 HPs)
             Began as an Armataur Fighter on Nov 23, 2023.
             Was an Initiate of Gozag.
             Escaped with the Orb
             ... and 3 runes!
             The game lasted 01:26:40 (38918 turns).

DevouringOne the Cruiserweight Champion (AtFi)     Turns: 38918, Time: 01:26:40

Health: 264/264    AC: 49    Str: 43    XL:     26   Next: 18%
Magic:  23/23      EV:  6    Int:  9    God:    Gozag
Gold:   2065       SH: 17    Dex: 10    Spells: 25/25 levels left

rFire   + +          +
                       - Unarmed
rCold   + + .        g - +5 kite shield {rC+}
rNeg    + + +        r - +12 chain mail of Anaesthesia {Contam +Inv rN+++ Int-4}
rPois   +            q - +3 crown of Dyrovepreva {rElec Int+2 SInv}
rElec   +            l - +2 cloak {rCorr}
rCorr   +            P - +2 pair of gloves of the Pits of Slime {rF+ Slay+3}
SInv    +            h - +4 barding {rF+}
Will    ++...        Q - amulet "Ymnoocymm" {rC+ Regen+} Stlth
                     K - ring of Due Proportion {Will+ Str+6}
HPRegen 1.44/turn    V - ring of Traps {Drain +Blink rPois rF+ Str+6}
MPRegen 0.18/turn

%: roll
@: studying Ice Magic
A: large, deformed body, tough skin 3, armoured tail, roll 2, long tongue,
electricity resistance, sturdy frame 1
0: Orb of Zot
}: 3/15 runes: serpentine, barnacled, silver
a: Renounce Religion, Evoke Blink, Evoke Invisibility, Potion Petition, Call
Merchant, Bribe Branch


You escaped.
You worshipped Gozag.
Gozag was most pleased with you.
You visited 10 branches of the dungeon, and saw 48 of its levels.
You visited the Abyss 1 time.
You visited 1 ziggurat, and saw 5 of its levels.
You also visited: Trove, Gauntlet and Desolation.

You collected 24131 gold pieces.
You spent 8520 gold pieces at shops.
You paid 13546 gold pieces to Gozag.

Inventory:

Missiles
 f - 35 poisoned darts
 y - 7 throwing nets
Armour
 g - a +5 kite shield of cold resistance (worn)
 h - a +4 barding of fire resistance (worn)
 l - a +2 cloak of preservation (worn)
 q - the +3 crown of Dyrovepreva (worn) {rElec Int+2 SInv}
   (You found it on level 3 of the Elven Halls)

   Int+2:     It affects your intelligence (+2).
   rElec:     It insulates you from electricity.
   SInv:      It lets you see invisible.
 r - the +12 chain mail of Anaesthesia (worn) {Contam +Inv rN+++ Int-4}
   (You bought it in a shop on level 5 of the Lair of Beasts)

   Int-4:     It affects your intelligence (-4).
   rN+++:     It renders you almost immune to negative energy.
   +Inv:      It lets you turn invisible.
   Contam:    It causes magical contamination when unequipped.
 u - the +7 shadow dragon scales "Xiwidd" {rPois rF+ Str-4 Int+2 Stlth++++}
   (You bought it in a shop on level 5 of the Vaults)

   Str-4:     It affects your strength (-4).
   Int+2:     It affects your intelligence (+2).
   rF+:       It protects you from fire.
   rPois:     It protects you from poison Stlth++++: It makes you much more
   stealthy.
 N - the +0 pair of gloves of a Hundred Stories {Drain rN+++ Str+5}
   (You bought it in a shop on level 5 of the Lair of Beasts)

   Str+5:     It affects your strength (+5).
   rN+++:     It renders you almost immune to negative energy.
   Drain:     It drains your maximum health when unequipped.
 P - the +2 pair of gloves of the Pits of Slime (worn) {rF+ Slay+3}
   (You bought it in a shop on level 14 of the Dungeon)

   Slay+3:    It affects your accuracy & damage with ranged weapons and melee
   (+3).
   rF+:       It protects you from fire.
Jewellery
 C - the ring of Liberty {rN+ Will+}
   (You bought it in a shop on level 10 of the Dungeon)

   [ring of positive energy]

   rN+:       It protects you from negative energy.
   Will+:     It increases your willpower.
 K - the ring of Due Proportion (left hand) {Will+ Str+6}
   (You bought it in a shop on level 4 of the Vaults)

   [ring of willpower]

   Str+6:     It affects your strength (+6).
   Will+:     It increases your willpower.
 Q - the amulet "Ymnoocymm" (around neck) {rC+ Regen+}
   (You found it on level 2 of the Shoals)

   [amulet of regeneration]

   rC+:       It protects you from cold.
   Regen+:    It increases your rate of health regeneration.
 V - the ring of Traps (right hand) {Drain +Blink rPois rF+ Str+6}
   (You found it on level 5 of a ziggurat)

   [ring of protection from fire]

   Str+6:     It affects your strength (+6).
   rF+:       It protects you from fire.
   rPois:     It protects you from poison +Blink: It lets you blink.
   Drain:     It drains your maximum health when unequipped.
 W - the ring "Locami" {rElec rPois rCorr Int+6}
   (You bought it in a shop on level 3 of the Shoals)

   [ring of intelligence]

   Int+6:     It affects your intelligence (+6).
   rElec:     It insulates you from electricity.
   rPois:     It protects you from poison rCorr: It protects you from acid and
   corrosion.
 Y - the ring of Ykusias {Fly rElec}
   (You took it off a deep elf master archer on level 3 of the Elven Halls)

   [ring of flight]

   rElec:     It insulates you from electricity.
   Fly:       It grants you flight.
 Z - a ring of wizardry
Wands
 e - a wand of roots (24)
 m - a wand of polymorph (36)
 s - a wand of digging (1)
 w - a wand of flame (97)
 x - a wand of acid (6)
 B - a wand of mindburst (47)
 F - a wand of charming (24)
Scrolls
 b - 5 scrolls of silence
 c - 2 scrolls of fear
 d - 8 scrolls of immolation
 i - 10 scrolls of teleportation
 j - 3 scrolls of amnesia
 k - 7 scrolls of fog
 p - 7 scrolls of vulnerability
 v - 4 scrolls of blinking
 A - 5 scrolls of noise
 E - a scroll of brand weapon
 G - 3 scrolls of poison
 I - 3 scrolls of torment
Potions
 a - 7 potions of curing
 n - 3 potions of haste
 o - 11 potions of might
 z - 5 potions of ambrosia
 D - 3 potions of attraction
 H - 3 potions of berserk rage
 J - 2 potions of cancellation
 L - 6 potions of resistance
 M - 4 potions of brilliance
 O - a potion of magic
 R - 15 potions of heal wounds
 S - 5 potions of enlightenment
 T - 4 potions of mutation
 U - 6 potions of lignification
Miscellaneous
 X - a condenser vane


   Skills:
 + Level 26.6 Fighting
 - Level 20.9 Armour
 - Level 15.0 Shields
 O Level 27 Unarmed Combat


You had 25 spell levels left.
You didn't know any spells.
Your spell library contained the following spells:

 Spells                   Type           Power      Damage    Failure   Level
 Apportation              Tloc           0%         N/A       61%         1
 Foxfire                  Conj/Fire      0%         2x1d4     61%         1
 Kiss of Death            Conj/Necr      0%         2d5       61%         1
 Magic Dart               Conj           0%         1d3       61%         1
 Necrotise                Necr           0%         1d4       61%         1
 Sandblast                Erth           0%         2d4       61%         1
 Shock                    Conj/Air       0%         1d3       61%         1
 Sting                    Tmut/Pois      0%         1d3       61%         1
 Summon Small Mammal      Summ           0%         N/A       61%         1
 Blink                    Tloc           0%         N/A       75%         2
 Call Imp                 Summ           0%         N/A       75%         2
 Cigotuvi's Dreadful Rot  Necr/Pois/Air  0%         N/A       75%         2
 Ensorcelled Hibernation  Hex/Ice        0%         N/A       75%         2
 Momentum Strike          Conj/Tloc      0%         3d8       75%         2
 Passwall                 Tmut/Erth      0%         N/A       75%         2
 Poisonous Vapours        Pois/Air       0%         N/A       75%         2
 Searing Ray              Conj           0%         2d4       75%         2
 Static Discharge         Conj/Air       0%         3-3/arc   75%         2
 Sublimation of Blood     Necr           0%         N/A       75%         2
 Wereblood                Tmut           0%         N/A       75%         2
 Call Canine Familiar     Summ           0%         N/A       93%         3
 Confusing Touch          Hex            0%         N/A       93%         3
 Dazzling Flash           Conj/Hex       0%         N/A       93%         3
 Hailstorm                Conj/Ice       0%         3d3       93%         3
 Ignite Poison            Fire/Tmut/Pois 0%         N/A       93%         3
 Inner Flame              Hex/Fire       0%         N/A       93%         3
 Mephitic Cloud           Conj/Pois/Air  0%         N/A       93%         3
 Sigil of Binding         Hex            0%         N/A       93%         3
 Stone Arrow              Conj/Erth      0%         3d7       93%         3
 Summon Guardian Golem    Hex/Summ       0%         N/A       93%         3
 Swiftness                Air            0%         N/A       93%         3
 Teleport Other           Tloc           0%         N/A       93%         3
 Tukima's Dance           Hex            0%         N/A       93%         3
 Volatile Blastmotes      Fire/Tloc      0%         2d10      93%         3
 Airstrike                Air            0%         2d(0-16)  100%        4
 Animate Armour           Summ/Erth      0%         N/A       100%        4
 Brom's Barrelling Bould  Conj/Erth      0%         2d3       100%        4
 Dimensional Bullseye     Hex/Tloc       0%         N/A       100%        4
 Dispel Undead            Necr           0%         3d6       100%        4
 Flame Wave               Conj/Fire      0%         2d4       100%        4
 Fulminant Prism          Conj/Hex       0%         3d5       100%        4
 Iskenderun's Mystic Bla  Conj/Tloc      0%         2d3       100%        4
 Leda's Liquefaction      Hex/Erth       0%         N/A       100%        4
 Manifold Assault         Tloc           0%         N/A       100%        4
 Passage of Golubria      Tloc           0%         N/A       100%        4
 Sticky Flame             Conj/Fire      0%         2d3       100%        4
 Summon Ice Beast         Ice/Summ       0%         N/A       100%        4
 Summon Lightning Spire   Summ/Air       0%         N/A       100%        4
 Alistair's Intoxication  Tmut/Pois      0%         N/A       100%        5
 Arcjolt                  Conj/Air       0%         1d10      100%        5
 Borgnjor's Vile Clutch   Necr/Erth      0%         N/A       100%        5
 Fireball                 Conj/Fire      0%         3d3       100%        5
 Freezing Cloud           Conj/Ice/Air   0%         6-21      100%        5
 Irradiate                Conj/Tmut      0%         3d11      100%        5
 Iskenderun's Battlesphe  Conj           0%         2d6       100%        5
 Lee's Rapid Deconstruct  Erth           0%         3d4*      100%        5
 Silence                  Hex/Air        0%         N/A       100%        5
 Yara's Violent Unravell  Hex/Tmut       0%         3d3       100%        5
 Bombard                  Conj/Erth      0%         9d1       100%        6
 Conjure Ball Lightning   Conj/Air       0%         3x3d6     100%        6
 Dispersal                Tloc           0%         N/A       100%        6
 Eringya's Noxious Bog    Tmut/Pois      0%         4d6       100%        6
 Starburst                Conj/Fire      0%         6d3       100%        6
 Enfeeble                 Hex            0%         N/A       100%        7
 Malign Gateway           Summ/Tloc      0%         N/A       100%        7
 Monstrous Menagerie      Summ           0%         N/A       100%        7
 Orb of Destruction       Conj           0%         9d5       100%        7
 Spellforged Servitor     Conj/Summ      0%         N/A       100%        7
 Summon Hydra             Summ           0%         N/A       100%        7
 Discord                  Hex            0%         N/A       100%        8
 Lehudib's Crystal Spear  Conj/Erth      0%         10d2      100%        8
 Maxwell's Capacitive Co  Air            0%         ∞         100%        8
 Summon Horrible Things   Summ           0%         N/A       100%        8


Dungeon Overview and Level Annotations

Branches:
Dungeon (15/15)            Temple (1/1) D:5            Lair (5/5) D:10
 Shoals (4/4) Lair:3        Snake (4/4) Lair:3        Slime (0/5) Lair:5
    Orc (2/2) D:9             Elf (3/3) Orc:2        Vaults (5/5) D:14
 Depths (4/4) D:15            Zot (5/5) Depths:4    Desolation (visited)
Gauntlet (visited)
  Crypt: Vaults:2-3

Altars:
Ashenzari
Cheibriados
Dithmenos
Elyvilon
Fedhas
Gozag
Hepliaklqana
Kikubaaqudgha
Makhleb
Nemelex Xobeh
Okawaru
Qazlal
Ru
Sif Muna
Trog
Uskayaw
Vehumet
Wu Jian
Xom
Yredelemnul
Zin
The Shining One
Jiyva

Shops:
D:1 *   D:9 ?=   D:10 (=   D:14 [   Orc:2 ([*(   Elf:3 !   Lair:1 ?   Lair:2 [
Lair:5 [   Shoals:3 =   Snake:1 :*[?   Snake:4 (:(   Vaults:4 =
Vaults:5 !=[:!   Depths:1 =

Portals:
Hell: Depths:2 Depths:3
Abyss: Depths:1*
Pandemonium: Depths:2

Annotations:
D:4 3 runed translucent doors, Unit's ghost, weakling MfFi
D:8 3 runed translucent doors, Agrajec's ghost, novice DjCj; Coin's ghost, novice HOFi
Shoals:3 Roxanne
Shoals:4 2 transporters, Ubbricas's ghost, adept GrMo
Elf:2 3 runed translucent doors
Zot:2 5 transporters


Innate Abilities, Weirdness & Mutations

Armour fits poorly on your strangely shaped body.
You have extremely tough skin. (AC +3)
You have a long armoured tail.
You roll and regenerate health when moving toward enemies. (Rampage Heal)
Your long tongue fully drains potion bottles. (2x potion effects)
You are resistant to electric shocks. (rElec)
Your movements are slightly less encumbered by armour. (ER -2)


Message History

You pummel the cacodemon!!
You tail-slap the cacodemon, but do no damage.
The cacodemon is severely wounded.
You closely miss the cacodemon.
The cacodemon is severely wounded.
You block the cacodemon's attack. x2
You barely miss the cacodemon.
You tail-slap the cacodemon, but do no damage.
The cacodemon is severely wounded.
You barely miss the cacodemon.
The cacodemon is severely wounded.
You block the cacodemon's attack.
The cacodemon hits you but does no damage.
You pound the cacodemon into fine dust!!!
You kill the cacodemon!
Your condenser vane has recharged.
No target in view!
No target in view!
You now have 2065 gold pieces (gained 22).
There is a stone staircase leading up here.
You climb upwards.
There is a stone staircase leading down here.
Blink to where?
Press: ? - help, Q - select action, (/) - cycle Dir - move target
As you read the scroll of blinking, it crumbles to dust.
Blink to where?
Press: ? - help, Q - select action, (/) - cycle Dir - move target
As you read the scroll of blinking, it crumbles to dust.
Aiming: Dig
Press: ? - help, Q - select action, (/) - cycle Shift-Dir - straight line You can't see that place. [the floor.]
The rock shatters into small pieces.
Blink to where?
Press: ? - help, Q - select action, (/) - cycle Dir - move target
As you read the scroll of blinking, it crumbles to dust.
Blink to where?
Press: ? - help, Q - select action, (/) - cycle Dir - move target
As you read the scroll of blinking, it crumbles to dust.
You have escaped!

##....§..§§.§..#
##.......####....
#......### ###..
##.§...## ##.
#.....## ##
#.....# # #....##
# ##....# #8@)..#
##....# # #.....#
# #.....# #
#......# #.
##.....§# #..
#....... ....
#....§§ ... ..


There were no monsters in sight!

Vanquished Creatures
  An ancient lich (Zig:5)
  Boris (thrice) (Vaults:2 Vaults:3 Depths:1)
  Saint Roka (Snake:4)
  2 curse toes
  2 golden dragons
  A profane servitor (Abyss:3)
  Norris (Depths:2)
  A pandemonium lord (Zot:5)
  A Brimstone Fiend (D:8)
  Zenata (Elf:1)
  A tainted leviathan (Zig:3)
  8 tentacled monstrosities
  Jorgrun (Orc:2)
  2 walking frostbound tomes
  9 Orb Guardians
  2 liches
  4 titans (Vaults:5)
  A deep elf blademaster (Elf:3)
  4 quicksilver dragons
  4 sphinxes
  4 deep elf master archers (Elf:3)
  4 shadow dragons (Vaults:5)
  4 death cobs
  An ancient champion (Zig:5)
  The ghost of dhlexpress the Imperceptible, an adept SpBr of Okawaru (Elf:3)
  6 nagarajas
  11 storm dragons
  Aizul (Snake:2)
  The ghost of dhlexpress the Sorcerer, an adept DECj of Vehumet (Shoals:2)
  A draconian monk (Zot:3)
  6 tengu reavers
  8 frost giants
  6 deep elf sorcerers
  21 vault wardens
  13 fire giants
  An imperial myrmidon (Desolation)
  3 draconian shifters
  3 draconian scorchers (Zot:2)
  4 draconian stormcallers
  7 deep elf elementalists (Elf:3)
  A curse skull (Zig:5)
  2 cacodemons
  2 spriggan defenders (Depths:2)
  2 angels (Depths:3)
  7 formless jellyfish
  A reaper (Zig:1)
  4 war gargoyles
  3 draconian annihilators
  An orc warlord (Orc:2)
  13 stone giants
  9 ironbound thunderhulks
  19 ironbound preservers
  12 very ugly things
  A minotaur (Gauntlet)
  2 green draconians
  A purple draconian (Zot:3)
  6 deep elf demonologists
  A putrid mouth (Zig:3)
  A dire elephant (Vaults:2)
  4 black draconians
  10 red draconians
  9 deep elf annihilators
  A bunyip (shapeshifter) (Vaults:5)
  Azrael (Orc:2)
  3 spark wasps (Depths:2)
  Snorg (Orc:1)
  A yellow draconian (Depths:4)
  An eidolon (Zig:5)
  2 white draconians
  A blizzard demon (Zot:1)
  A merfolk javelineer (Shoals:4)
  13 ettins
  3 merfolk impalers
  6 crystal guardians
  6 fire dragons
  Josephine (D:13)
  5 deep elf death magi
  6 deep elf high priests
  An entropy weaver (shapeshifter) (Vaults:5)
  A green death (Zot:5)
  16 yaktaur captains
  2 ragged hierophants (Desolation)
  9 servants of whispers (Desolation)
  6 rakshasas
  2 great orbs of eyes (Vaults:4)
  4 hydras
  6 ice dragons
  13 peacekeepers
  2 salamander tyrants
  37 vault guards
  A spriggan air mage (Depths:1)
  Harold (D:10)
  15 anacondas
  2 ogre magi
  Erolcha (D:9)
  A catoblepas (Lair:5)
  An alligator (shapeshifter) (Vaults:5)
  3 merfolk avatars
  17 centaur warriors
  8 two-headed ogres
  7 ironbound frosthearts
  3 boulder beetles
  11 naga warriors
  3 merfolk aquamancers
  7 dancing weapons
  17 death yaks
  4 satyrs
  3 hell hogs (Depths:2)
  9 deep troll shamans
  4 deep troll earth magi
  2 vampire magi (Depths:1)
  2 occultists (Depths:1)
  2 thrashing horrors (Abyss:3)
  3 spriggan berserkers (Depths:2)
  5 shock serpents
  3 spriggans (Depths:2)
  2 hell knights (Vaults:5)
  7 deep elf knights
  Urug (D:13)
  19 naga sharpshooters
  A wretched star (Abyss:3)
  A soul eater (Depths:2)
  11 skysharks
  5 salamander mystics
  2 skeletal warriors (D:13)
  A flayed ghost (Vaults:5)
  19 iron trolls
  5 sixfirhies
  12 sea snakes
  An orange crystal statue (Gauntlet)
  59 deep trolls
  10 naga ritualists
  A phantasmal warrior (Zig:5)
  6 lindwurms
  8 arcanists
  11 harpies
  31 ironbound convokers
  2 glowing orange brains
  2 orc knights (Orc:2)
  A harpy (shapeshifter) (Elf:3)
  9 deep elf pyromancers
  20 deep elf zephyrmancers
  6 deep elf archers
  3 necromancers
  27 ugly things
  10 manticores
  8 mana vipers
  30 salamanders
  12 fauns
  7 cyclopes
  3 orc sorcerers
  9 moths of wrath
  20 elephants
  An apocalypse crab (Abyss:3)
  6 guardian serpents
  A centaur zombie (D:15)
  11 naga magi
  8 merfolk sirens
  3 molten gargoyles (Desolation)
  25 black mambas
  15 cane toads
  17 vault sentinels
  2 gargoyles
  3 orange demons
  3 water nymphs
  4 large abominations (Abyss:3)
  3 centaur skeletons (D:15)
  5 rime drakes
  A torpor snail (Lair:5)
  An ice devil (Abyss:3)
  5 efreet
  2 hellions
  A kobold demonologist (D:12)
  2 freezing wraiths
  A minotaur zombie (Gauntlet)
  4 tengu conjurers
  3 burning bushes (Lair:1)
  38 yaktaurs
  12 komodo dragons
  11 trolls
  A queen bee (shapeshifter) (D:14)
  18 merfolk
  7 hornets
  2 hellwings (Zot:3)
  5 polar bears
  4 raiju (Abyss:3)
  Prince Ribbit (D:7)
  10 blink frogs
  8 wind drakes
  55 saltlings (Desolation)
  2 glass eyes
  7 snapping turtles
  A dream sheep (shapeshifter) (Vaults:5)
  4 dream sheep
  31 slime creatures
  An air elemental (Elf:3)
  21 flying skulls (D:13)
  4 shadows
  2 ynoxinuls
  8 wraiths
  A wyvern (Lair:2)
  2 humans (D:11)
  9 water elementals
  69 yaks
  2 vampires
  A fire bat (D:9)
  21 fire elementals
  5 basilisks
  A basilisk (shapeshifter) (Elf:1)
  Grum (D:9)
  A redback (shapeshifter) (Vaults:5)
  3 steam dragons
  8 vampire mosquitoes
  35 nagas
  7 water moccasins
  3 wargs
  3 hell hounds (Orc:2)
  Duvessa (D:7)
  2 acid dragons
  4 black bears
  28 orc warriors
  4 sky beasts
  20 centaurs
  3 ettin simulacra (Depths:2)
  A boggart (Vaults:4)
  A small abomination (Abyss:3)
  20 wolves
  15 ogres
  4 kobold brigands
  14 bullfrogs
  3 earth elementals (Elf:1)
  3 scorpions
  A cane toad simulacrum (Lair:5)
  2 gnoll sergeants
  Dowan (D:7)
  An elephant simulacrum (Lair:5)
  6 killer bees (D:7)
  A troll zombie (D:9)
  An electric eel (D:9)
  13 howler monkeys
  A lava snake (Snake:3)
  4 hounds
  3 gnoll boudas
  22 orc priests
  4 jellies
  A sleepcap (D:4)
  4 iguanas
  24 orc wizards
  A wolf simulacrum (Lair:5)
  A polar bear simulacrum (Lair:5)
  5 ogre zombies (D:9)
  15 gnolls
  13 adders
  2 shadow imps
  4 white imps
  2 ufetubi (D:5)
  A worm (D:3)
  2 dart slugs
  88 orcs
  10 endoplasms
  8 giant cockroaches
  5 gnoll zombies (D:9)
  11 goblins
  8 hobgoblins
  6 jackals
  A quokka (D:3)
  7 ball pythons
  6 bats
  4 frilled lizards
  A gnoll skeleton (D:9)
  29 kobolds
  3 orc skeletons (D:9)
  10 orc zombies (D:9)
  6 rats
1948 creatures vanquished.

Vanquished Creatures (collateral kills)
  Vashnia (Snake:4)
  An electric golem (Zot:5)
  3 Orb Guardians (Zot:5)
  Donald (Snake:4)
  A shadow dragon (Zot:5)
  An ironbound preserver (Vaults:5)
  A merfolk impaler (Shoals:4)
  An anaconda (Snake:4)
  A merfolk aquamancer (Shoals:4)
  A naga warrior (Snake:4)
  A faun (Shoals:4)
  A black mamba (Snake:4)
  A naga (Snake:4)
  2 orc warriors (Orc:1)
  2 jellies (D:7)
  A gnoll (D:6)
  A white imp (D:7)
  3 orcs
24 creatures vanquished.

Vanquished Creatures (others)
  An ancient lich (Zot:5)
  2 orbs of fire (Zot:5)
  A lich (Zot:5)
  14 Orb Guardians (Zot:5)
  A death cob (Zot:5)
  A purple draconian (Zot:5)
  A red draconian (Zot:5)
  A yellow draconian (Zot:2)
  2 white draconians (Zot:5)
  A green death (Zot:5)
  2 moths of wrath (Zot:5)
  A salamander (Snake:3)
  A saltling (Desolation)
  A slime creature (D:7)
  A shadow (D:9)
  A yak (D:7)
  A vampire (D:7)
  A sleepcap (D:6)
34 creatures vanquished.

Grand Total: 2006 creatures vanquished

Notes
Turn   | Place    | Note
-------+----------+-------------------------------------------
     0 | D:1      | DevouringOne the Armataur Fighter began the quest for the
                  | Orb.
     0 | D:1      | Reached XP level 1. HP: 18/18 MP: 1/1
    67 | D:1      | Reached skill level 2 in Unarmed Combat
    98 | D:1      | Found Qounis's Assorted Antiques.
   192 | D:1      | Bought a scroll labelled LUMADI LIULI for 25 gold pieces
   224 | D:1      | Reached XP level 2. HP: 25/25 MP: 2/2
   431 | D:1      | Found a faded altar of an unknown god.
   546 | D:2      | Noticed a scorpion
   564 | D:2      | Reached XP level 3. HP: 9/31 MP: 3/3
   727 | D:2      | Found a white marble altar of Elyvilon.
   889 | D:2      | Reached skill level 3 in Unarmed Combat
  1138 | D:1      | Bought a yellow potion for 22 gold pieces
  1237 | D:2      | Reached XP level 4. HP: 38/38 MP: 4/4
  1733 | D:3      | Found a white marble altar of Elyvilon.
  1938 | D:4      | Reached skill level 4 in Unarmed Combat
  1947 | D:4      | Reached XP level 5. HP: 46/46 MP: 5/5
  1980 | D:4      | Noticed Unit's ghost (weakling MfFi)
  1986 | D:4      | Found a runed translucent gate.
  1986 | D:4      | Found a runed translucent gate.
  1989 | D:4      | Found a runed translucent gate.
  2315 | D:5      | Entered Level 5 of the Dungeon
  2360 | D:5      | Reached XP level 6. HP: 52/52 MP: 6/6
  2539 | D:5      | Reached skill level 5 in Unarmed Combat
  2591 | D:5      | Identified the +8 dagger "Kesuk" {drain, rCorr Str+3}
  2602 | D:5      | Found a staircase to the Ecumenical Temple.
  2608 | Temple   | Entered the Ecumenical Temple
  2617 | Temple   | Became a worshipper of Gozag Ym Sagoz the Greedy
  2870 | D:5      | Gained mutation: You roll and regenerate health when moving
                  | toward enemies. (Rampage Heal) [Armataur growth]
  2870 | D:5      | Reached XP level 7. HP: 60/60 MP: 7/7
  2960 | D:6      | Reached skill level 5 in Fighting
  2960 | D:6      | Reached skill level 6 in Unarmed Combat
  3132 | D:6      | Reached skill level 7 in Unarmed Combat
  3184 | D:6      | Reached XP level 8. HP: 69/69 MP: 8/8
  3657 | D:7      | Noticed a hornet
  3695 | D:7      | Reached skill level 8 in Unarmed Combat
  3787 | D:7      | Noticed Prince Ribbit
  3799 | D:7      | Killed Prince Ribbit
  3800 | D:7      | Reached skill level 9 in Unarmed Combat
  3800 | D:7      | Reached XP level 9. HP: 76/78 MP: 9/9
  3915 | D:7      | Noticed a boulder beetle
  3928 | D:7      | Killed a boulder beetle
  3929 | D:7      | Reached skill level 10 in Unarmed Combat
  3936 | D:7      | Noticed a troll
  3948 | D:7      | Killed a troll
  4013 | D:7      | Identified the +6 war axe of Exchange {flame, rN+ rCorr}
  4085 | D:7      | Noticed Duvessa
  4085 | D:7      | Noticed Dowan
  4098 | D:7      | Killed Duvessa
  4102 | D:7      | Killed Dowan
  4186 | D:7      | Noticed a cyan ugly thing
  4196 | D:7      | Killed a cyan ugly thing
  4197 | D:7      | Reached skill level 11 in Unarmed Combat
  4197 | D:7      | Reached XP level 10. HP: 51/89 MP: 10/10
  4692 | D:8      | Noticed Joseph
  4851 | D:8      | Found a blossoming altar of Fedhas.
  4986 | D:8      | Reached skill level 12 in Unarmed Combat
  5306 | D:8      | Found a runed translucent gate.
  5307 | D:8      | Found a runed translucent gate.
  5309 | D:8      | Found a runed translucent gate.
  5311 | D:8      | Noticed Agrajec's ghost (novice DjCj)
  5311 | D:8      | Noticed Coin's ghost (novice HOFi)
  5593 | D:9      | Noticed Maurice
  5594 | D:9      | Maurice changed into Maurice the fire bat
  5594 | D:9      | Noticed Maurice
  6096 | D:9      | Noticed Grum
  6104 | D:9      | Reached XP level 11. HP: 93/97 MP: 11/11
  6112 | D:9      | Killed Grum
  6197 | D:9      | Found a staircase to the Orcish Mines.
  6228 | D:9      | Killed Maurice the fire bat
  6259 | D:9      | Reached skill level 13 in Unarmed Combat
  6611 | D:9      | Noticed Erolcha
  6617 | D:9      | Killed Erolcha
  6618 | D:9      | Reached skill level 10 in Fighting
  6704 | D:9      | Found Yptavvuts's Magic Scroll Boutique.
  6715 | D:9      | Bought a scroll of identify for 26 gold pieces
  6715 | D:9      | Bought a scroll of immolation for 52 gold pieces
  6715 | D:9      | Bought a scroll of identify for 26 gold pieces
  6715 | D:9      | Bought a scroll of immolation for 52 gold pieces
  7036 | D:9      | Joseph changed into Joseph the rat
  7036 | D:9      | Noticed Joseph
  7039 | D:9      | Killed Joseph the rat
  7064 | D:10     | Entered Level 10 of the Dungeon
  7067 | D:10     | Bought the ring of Liberty {rN+ Will+} for 489 gold pieces
  7519 | D:10     | Reached skill level 14 in Unarmed Combat
  7519 | D:10     | Found an iron altar of Okawaru.
  7519 | D:10     | Found a faded altar of an unknown god.
  7527 | D:10     | Found a glowing golden altar of the Shining One.
  7529 | D:10     | Found a basalt altar of Yredelemnul.
  7531 | D:10     | Found a shadowy altar of Dithmenos.
  7632 | D:10     | Found Hengofieth's Antique Weapon Shop.
  7639 | D:10     | Noticed Harold
  7648 | D:10     | Killed Harold
  7688 | D:10     | Found a staircase to the Lair.
  8042 | D:11     | Noticed a two-headed ogre
  8054 | D:11     | Killed a two-headed ogre
  8074 | D:11     | Reached XP level 12. HP: 104/110 MP: 12/12
  8176 | D:11     | Noticed a two-headed ogre
  8188 | D:11     | Killed a two-headed ogre
  8236 | D:11     | Found an iron altar of Okawaru.
  8426 | D:11     | Reached skill level 15 in Unarmed Combat
  8726 | Orc:1    | Entered Level 1 of the Orcish Mines
  8847 | Orc:2    | Entered Level 2 of the Orcish Mines
  8847 | Orc:2    | Noticed Jorgrun
  8885 | Orc:2    | Killed Jorgrun
  8959 | Orc:2    | Noticed Snorg
  8981 | Orc:1    | Killed Snorg
  9243 | Orc:2    | Found Vessoula's Weapon Boutique.
  9372 | Orc:2    | Found a staircase to the Elven Halls.
  9642 | Orc:2    | Noticed Azrael
  9656 | Orc:2    | Gained mutation: Your magical capacity is low. (-10% MP)
                  | [potion of mutation]
  9656 | Orc:2    | Gained mutation: You are partially covered in large bone
                  | plates. (SH +4) [potion of mutation]
  9656 | Orc:2    | Gained mutation: You occasionally lose the ability to read
                  | scrolls when taking damage. [potion of mutation]
  9656 | Orc:2    | Lost mutation: You are partially covered in large bone
                  | plates. (SH +4) [potion of mutation]
  9656 | Orc:2    | Gained mutation: Your flesh is heat resistant. (rF+)
                  | [potion of mutation]
  9661 | Orc:2    | Killed Azrael
  9662 | Orc:2    | Reached skill level 16 in Unarmed Combat
  9900 | Orc:2    | Found Qidiuxz Jeoss's Assorted Antiques.
  9905 | Orc:2    | Bought a scroll of blinking for 247 gold pieces
 10158 | Orc:2    | Noticed an orc warlord
 10180 | Orc:2    | Killed an orc warlord
 10181 | Orc:2    | Reached XP level 13. HP: 118/118 MP: 11/11
 10188 | Orc:2    | Found Adoregee's Antique Weapon Emporium.
 10199 | Orc:2    | Found Reteh's Antique Armour Shoppe.
 10363 | Lair:1   | Entered Level 1 of the Lair of Beasts
 10452 | Lair:1   | Bought a scroll of blinking for 97 gold pieces
 10452 | Lair:1   | Bought a scroll of fear for 52 gold pieces
 10452 | Lair:1   | Bought a scroll of teleportation for 39 gold pieces
 10452 | Lair:1   | Bought a scroll of fear for 52 gold pieces
 10452 | Lair:1   | Bought a scroll of fear for 52 gold pieces
 10452 | Lair:1   | Bought a scroll of identify for 26 gold pieces
 10452 | Lair:1   | Bought a scroll of fear for 52 gold pieces
 11054 | Lair:2   | Found a gate leading to a gauntlet.
 11069 | Lair:2   | Reached skill level 17 in Unarmed Combat
 11082 | Gauntlet | Entered a Gauntlet
 11082 | Gauntlet | Found a transporter.
 11105 | Gauntlet | Noticed a quicksilver ooze
 11114 | Gauntlet | Found a transporter.
 11131 | Gauntlet | Found a transporter.
 11134 | Gauntlet | Found a transporter.
 11144 | Gauntlet | Found a transporter.
 11164 | Gauntlet | Found a transporter.
 11167 | Gauntlet | Found a transporter.
 11171 | Gauntlet | Found a transporter.
 11194 | Gauntlet | Found a transporter.
 11221 | Gauntlet | Found a transporter.
 11221 | Gauntlet | Found a transporter.
 11226 | Gauntlet | Found a transporter.
 11256 | Gauntlet | Identified the ring of Omnoas {Str+3 Int+6}
 11270 | Gauntlet | Identified the ring of the Albatross {MP+9 Dex+3}
 11303 | Gauntlet | Identified the staff of the Pyrrhic Victory {rPois rF+ rN+
                  | Int+2 Stlth+ Necro}
 11303 | Gauntlet | Noticed a minotaur
 11317 | Gauntlet | Killed a minotaur
 11480 | Gauntlet | Identified the +10 whip "Utoalyvo" {spect, Str-2 Int+6
                  | Dex+6}
 11480 | Gauntlet | Identified the staff "Zucvyor" {Str+2 Int-3 SInv Earth}
 11481 | Gauntlet | Got Ywnec's Cyclopedia of Congelation and Distance
 11581 | Lair:2   | Bought a runed kite shield for 232 gold pieces
 11756 | Lair:2   | Found a shadowy altar of Dithmenos.
 12209 | Lair:3   | Found a staircase to the Snake Pit.
 12401 | Lair:3   | Identified a scroll of acquirement
 12402 | Lair:3   | Acquired a manual of Shields
 12630 | Lair:3   | Reached skill level 5 in Shields
 12684 | Lair:3   | Found a staircase to the Shoals.
 12711 | Lair:3   | Reached skill level 5 in Armour
 12810 | Lair:3   | Reached XP level 14. HP: 129/129 MP: 12/12
 13094 | Lair:4   | Got Vaj Qouwk's Precepts of the Radiant Iceberg
 13772 | Lair:5   | Entered Level 5 of the Lair of Beasts
 13888 | Lair:5   | Found a staircase to the Slime Pits.
 13888 | Lair:5   | Found a viscous altar of Jiyva.
 14183 | Lair:5   | Reached skill level 10 in Shields
 14683 | Lair:5   | Reached skill level 10 in Armour
 15118 | Lair:5   | Reached XP level 15. HP: 136/136 MP: 13/13
 15426 | Lair:5   | Bought a pair of heavily runed gloves for 266 gold pieces
 15426 | Lair:5   | Identified the +0 pair of gloves of a Hundred Stories
                  | {Drain rN+++ Str+5} (You bought it in a shop on level 5 of
                  | the Lair of Beasts)
 15437 | Lair:5   | Bought a bloodstained chain mail for 266 gold pieces
 15437 | Lair:5   | Identified the +12 chain mail of Anaesthesia {Contam +Inv
                  | rN+++ Int-4} (You bought it in a shop on level 5 of the
                  | Lair of Beasts)
 15437 | Lair:5   | Bought a slimy chain mail for 266 gold pieces
 15437 | Lair:5   | Identified the +0 chain mail "Fecissu" {Rampage Dex+4} (You
                  | bought it in a shop on level 5 of the Lair of Beasts)
 16483 | D:13     | Noticed Urug
 16497 | D:13     | Killed Urug
 16671 | D:13     | Reached skill level 15 in Shields
 16694 | D:13     | Found the +3 giant club "Skullcrusher" {speed, Str+7}
 16825 | D:13     | Noticed Josephine
 16836 | D:13     | Killed Josephine
 17139 | D:14     | Bought a pair of ichor-stained gloves for 313 gold pieces
 17139 | D:14     | Identified the +2 pair of gloves of the Pits of Slime {rF+
                  | Slay+3} (You bought it in a shop on level 14 of the
                  | Dungeon)
 17282 | D:14     | Found a gate to the Vaults.
 17338 | D:14     | Reached skill level 15 in Armour
 17759 | Snake:1  | Entered Level 1 of the Snake Pit
 18054 | Snake:1  | Reached XP level 16. HP: 43/144 MP: 0/14
 18264 | Snake:1  | Lost mutation: Your magical capacity is low. (-10% MP)
                  | [potion of mutation]
 18264 | Snake:1  | Lost mutation: Your flesh is heat resistant. (rF+) [potion
                  | of mutation]
 18264 | Snake:1  | Lost mutation: You occasionally lose the ability to read
                  | scrolls when taking damage. [potion of mutation]
 18264 | Snake:1  | Gained mutation: You are resistant to electric shocks.
                  | (rElec) [potion of mutation]
 18264 | Snake:1  | Gained mutation: Your movements are slightly less
                  | encumbered by armour. (ER -2) [potion of mutation]
 18361 | Snake:1  | Found Poihy's Armour Emporium.
 18361 | Snake:1  | Found Tilon's Assorted Antiques.
 18362 | Snake:1  | Found Wicuotyt's Book Shoppe.
 18364 | Snake:1  | Found Olaoxusu's Magic Scroll Emporium.
 18390 | Snake:1  | Bought a potion of curing for 72 gold pieces
 18561 | Snake:1  | Bought 3 scrolls of summoning for 342 gold pieces
 19342 | Snake:2  | Identified the +2 chain mail of Dowdy Intercession {rCorr}
 19591 | Snake:3  | Identified the serpent talisman "Ubilasu" {rCorr Stlth+}
 19591 | Snake:3  | Noticed Aizul
 19603 | Snake:2  | Killed Aizul
 21078 | Snake:4  | Entered Level 4 of the Snake Pit
 21086 | Snake:4  | Noticed Donald
 21127 | Snake:4  | Killed Donald
 21492 | Snake:4  | Reached XP level 17. HP: 147/150 MP: 17/17
 21513 | Snake:4  | Found Mentuuci's Antique Weapon Shoppe.
 21515 | Snake:4  | Found Bohofues's Book Emporium.
 21516 | Snake:4  | Found Utet's Weapon Shoppe.
 21570 | Snake:4  | Reached skill level 18 in Unarmed Combat
 21613 | Snake:4  | Noticed Saint Roka
 21641 | Snake:4  | Killed Saint Roka
 21974 | Snake:4  | Noticed Vashnia
 22060 | Snake:4  | Killed Vashnia
 22326 | Snake:4  | Got a serpentine rune of Zot
 22535 | Shoals:1 | Entered Level 1 of the Shoals
 22547 | Shoals:1 | Reached skill level 19 in Unarmed Combat
 23632 | Shoals:2 | Found a runed translucent gate.
 23632 | Shoals:2 | Found a runed translucent gate.
 23632 | Shoals:2 | Found a runed translucent gate.
 23635 | Shoals:2 | Noticed dhlexpress's ghost (adept DECj)
 23655 | Shoals:2 | You fall into a shaft and drop 1 floor!
 23709 | Shoals:3 | Found Hiuczaav's Jewellery Boutique.
 23711 | Shoals:3 | Bought the ring "Locami" {rElec rPois rCorr Int+6} for 777
                  | gold pieces
 23880 | Shoals:4 | Entered Level 4 of the Shoals
 23884 | Shoals:4 | Found a transporter.
 23902 | Shoals:4 | Found a bloodstained altar of Trog.
 23902 | Shoals:4 | Noticed Ubbricas's ghost (adept GrMo)
 23932 | Shoals:4 | Found a transporter.
 24021 | Shoals:4 | Got a barnacled rune of Zot
 24135 | Shoals:4 | Reached XP level 18. HP: 124/161 MP: 18/18
 24232 | Shoals:4 | Paralysed by a formless jellyfish for 1 turns
 24328 | Shoals:3 | Noticed Roxanne
 24373 | Shoals:2 | Reached skill level 20 in Unarmed Combat
 24496 | Shoals:2 | Reached skill level 15 in Fighting
 24603 | Shoals:2 | Killed dhlexpress's ghost
 24649 | Shoals:2 | Identified the amulet "Ymnoocymm" {rC+ Regen+}
 24662 | Shoals:2 | Identified the +2 hat "Athicrer" {rN+}
 24986 | Elf:1    | Entered Level 1 of the Elven Halls
 25498 | Elf:1    | Noticed Zenata
 25509 | Elf:1    | Killed Zenata
 25655 | Elf:1    | Found a radiant altar of Vehumet.
 25714 | Elf:2    | Found a runed translucent gate.
 25714 | Elf:2    | Found a runed translucent gate.
 25714 | Elf:2    | Found a runed translucent gate.
 25825 | Elf:3    | Entered Level 3 of the Elven Halls
 25965 | Elf:3    | Found a large runed translucent door.
 25966 | Elf:3    | Found a large runed translucent door.
 25986 | Elf:3    | Noticed dhlexpress's ghost (adept SpBr)
 26057 | Elf:3    | Paralysed by an air elemental for 1 turns
 26215 | Elf:3    | Reached skill level 21 in Unarmed Combat
 26371 | Abyss:3  | Cast into level 3 of the Abyss (a deep elf sorcerer)
 26574 | Abyss:3  | Noticed a profane servitor
 26595 | Abyss:3  | Killed a profane servitor
 26644 | Elf:3    | Escaped the Abyss
 26678 | Elf:3    | Reached XP level 19. HP: 125/172 MP: 19/19
 26994 | Elf:3    | Identified the ring "Bihaid" {Wiz Will+}
 27080 | Elf:3    | Killed dhlexpress's ghost
 27260 | Elf:3    | Identified the ring of Ykusias {Fly rElec}
 27298 | Elf:3    | Identified the ring "Eruhommi" {Contam rCorr Str+3 Slay+5}
 27334 | Elf:3    | Got the Quarto of Gathered Cinders
 27346 | Elf:3    | Got the Exposition on the Amorphous Nimbus
 27386 | Elf:3    | Found the +3 crown of Dyrovepreva {rElec Int+2 SInv}
 27419 | Elf:3    | Identified the +2 leather armour of Inquiry {Str-2 Int+6}
 27507 | Elf:3    | Found Ulitsik's Distillery.
 27520 | Elf:3    | Bought a potion of lignification for 42 gold pieces
 27520 | Elf:3    | Bought a potion of mutation for 112 gold pieces
 27520 | Elf:3    | Bought a potion of heal wounds for 70 gold pieces
 27848 | Vaults:1 | Entered Level 1 of the Vaults
 28022 | Vaults:1 | Paralysed by a formless jellyfish for 1 turns
 28093 | Vaults:1 | Found a portal to a secret trove of treasure.
 28168 | Vaults:1 | You paid a toll of 14 scrolls of teleportation to enter a
                  | treasure trove
 28169 | Trove    | Entered a treasure trove
 28193 | Trove    | Got Sif Muna's Volume of Execration and the Xenotype
 28199 | Trove    | Got Sif Muna's Quarto of the Shifting Evil Eye
 28356 | Vaults:1 | Reached skill level 22 in Unarmed Combat
 29131 | Vaults:2 | Noticed Boris
 29145 | Vaults:2 | Killed Boris
 29429 | Vaults:2 | Reached skill level 23 in Unarmed Combat
 29454 | Vaults:2 | Reached XP level 20. HP: 171/187 MP: 20/20
 29662 | Vaults:2 | You fall into a shaft and drop 2 floors!
 30623 | Vaults:4 | Identified the +0 helmet of Distant Worlds {Rampage rCorr
                  | Int-4}
 30710 | Vaults:3 | Noticed Boris
 30714 | Vaults:3 | Found a crumbling gateway.
 30726 | Vaults:3 | Killed Boris
 30727 | Vaults:3 | Reached skill level 24 in Unarmed Combat
 30756 | Desolati | Entered the Desolation of Salt
 30826 | Desolati | Identified the +5 hand axe of Tiegroypt {drain, *Rage Dex+3
                  | SInv}
 30997 | Desolati | Identified the +6 chain mail "Zeliumizi" {Rampage rElec
                  | rCorr}
 31004 | Desolati | Got the Secrets of the Misty Salvo
 31103 | Desolati | Identified the +0 helmet of Nuovicir {*Corrode Regen+
                  | Dex+5}
 31105 | Desolati | Identified the amulet of Lien {Spirit Slay+3 Stlth+}
 31390 | Desolati | Acquired 454 gold pieces
 31397 | Desolati | Got the Enchiridion on Curses
 31411 | Desolati | Reached XP level 21. HP: 201/201 MP: 21/21
 32118 | Vaults:3 | Reached skill level 25 in Unarmed Combat
 32317 | Vaults:4 | Bought the ring of Due Proportion {Will+ Str+6} for 713
                  | gold pieces
 32324 | Vaults:5 | Entered Level 5 of the Vaults
 32459 | Vaults:5 | Identified the +4 broad axe "Woxaer" {antimagic, *Noise
                  | Str+8 Stlth+}
 32655 | Vaults:5 | Reached skill level 26 in Unarmed Combat
 32672 | Vaults:5 | Reached XP level 22. HP: 213/213 MP: 22/22
 32849 | Vaults:5 | Got a silver rune of Zot
 32881 | Vaults:5 | Identified the staff "Ryola" {Contam rPois rCorr Int-3
                  | Earth}
 33001 | Vaults:5 | Found Maob's Distillery.
 33007 | Vaults:5 | Bought a potion of heal wounds for 85 gold pieces
 33007 | Vaults:5 | Bought a potion of might for 68 gold pieces
 33007 | Vaults:5 | Bought 2 potions of might for 136 gold pieces
 33056 | Vaults:5 | Found Xepicigu's Book Boutique.
 33057 | Vaults:5 | Found Gaylu's Antique Armour Boutique.
 33105 | Vaults:5 | Found Lodoshig's Distillery.
 33126 | Vaults:5 | Bought a potion of haste for 190 gold pieces
 33126 | Vaults:5 | Bought a potion of haste for 190 gold pieces
 33126 | Vaults:5 | Bought a potion of might for 76 gold pieces
 33126 | Vaults:5 | Bought a potion of resistance for 190 gold pieces
 33128 | Vaults:5 | Found Siarch's Jewellery Shoppe.
 33217 | Vaults:5 | Bought fading shadow dragon scales for 2805 gold pieces
 33217 | Vaults:5 | Identified the +7 shadow dragon scales "Xiwidd" {rPois rF+
                  | Str-4 Int+2 Stlth++++} (You bought it in a shop on level 5
                  | of the Vaults)
 33577 | D:15     | Entered Level 15 of the Dungeon
 33691 | D:15     | Identified the +1 leather armour of an ice cave {rElec}
 34267 | D:15     | Found the +7 Spriggan's Knife {stab, EV+4 Stlth+}
 34325 | D:15     | Found a staircase to the Depths.
 34355 | Depths:1 | Entered Level 1 of the Depths
 34358 | Depths:1 | Found Xisi's Jewellery Boutique.
 34364 | Depths:1 | Noticed Boris
 34385 | Depths:1 | Killed Boris
 34859 | Depths:2 | Reached skill level 27 in Unarmed Combat
 34913 | Depths:2 | Found a gateway to Hell.
 34935 | Depths:2 | Noticed Norris
 34947 | Depths:2 | Killed Norris
 35056 | Depths:4 | Entered Level 4 of the Depths
 35339 | Depths:4 | Found a gate to the Realm of Zot.
 35644 | Depths:3 | Reached XP level 23. HP: 222/225 MP: 23/23
 35776 | Depths:1 | Found a one-way gate to the infinite horrors of the Abyss.
 36012 | Depths:2 | Found a one-way gate leading to the halls of Pandemonium.
 36093 | Depths:3 | Found a one-way gateway to a ziggurat.
 36187 | Zig:1    | Entered Level 1 of a ziggurat
 36206 | Zig:2    | Entered Level 2 of a ziggurat
 36229 | Zig:3    | Entered Level 3 of a ziggurat
 36345 | Zig:3    | Identified the +1 scale mail of Monotheism {rElec rCorr
                  | Dex+4}
 36351 | Zig:4    | Entered Level 4 of a ziggurat
 36376 | Zig:4    | Reached XP level 24. HP: 191/238 MP: 23/23
 36376 | Zig:4    | Reached XP level 25. HP: 196/245 MP: 23/23
 36425 | Zig:5    | Entered Level 5 of a ziggurat
 36430 | Zig:5    | Noticed an ancient lich
 36443 | Zig:5    | Killed an ancient lich
 36558 | Zig:5    | Identified the ring of Traps {Drain +Blink rPois rF+ Str+6}
 36692 | Zot:1    | Entered Level 1 of the Realm of Zot
 37140 | Zot:2    | Found a transporter.
 37152 | Zot:2    | Found a transporter.
 37243 | Zot:2    | Found a transporter.
 37243 | Zot:2    | Found a transporter.
 37269 | Zot:2    | Found a transporter.
 37997 | Zot:5    | Entered Level 5 of the Realm of Zot
 38097 | Zot:5    | Noticed a dread lich
 38122 | Zot:5    | Noticed a Killer Klown
 38122 | Zot:5    | Noticed an ancient lich
 38122 | Zot:5    | Noticed an orb of fire
 38122 | Zot:5    | Noticed an orb of fire
 38123 | Zot:5    | Noticed an orb of fire
 38123 | Zot:5    | Noticed a dread lich
 38159 | Zot:5    | Reached XP level 26. HP: 216/261 MP: 23/23
 38198 | Zot:5    | Got the Orb of Zot
 38213 | Zot:5    | Killed an orb of fire
 38216 | Zot:5    | Noticed Gozap the pandemonium lord
 38217 | Zot:5    | Killed an orb of fire
 38224 | Zot:5    | Killed Gozap the pandemonium lord
 38493 | Depths:4 | Noticed Futeept the pandemonium lord
 38704 | D:10     | Noticed Silub the pandemonium lord
 38791 | D:6      | Noticed Vedug the pandemonium lord
 38918 | D:$      | Escaped with the Orb!

Illustrated notes

Levels and vault maps discovered:
D:1:      heliophobic_arrival_dark_side_of_the_moon, layout_rooms, serial_shops,
          shop, chequers_ecumenical_altar_grove
D:2:      layout_basic, basic_altar, nrook_mini_vaults, minmay_joined_circles
D:3:      minmay_chambers_of_threes, layout_basic, elyvilon_altar_3,
          minmay_misc_feat_doors, lightli_corner_chamber
D:4:      layout_loops_cross, gammafunk_ghost_split
D:5:      layout_basic, minmay_temple_entry_gardened_gates, minivault_11
D:6:      layout_basic
D:7:      minmay_the_grid_octo_2x2 [minmay_the_grid_octo_fat_diamond,
          minmay_the_grid_octo_77, minmay_the_grid_octo_odd_swirl,
          minmay_the_grid_octo_prize_big_c], layout_basic, uniq_duvessa,
          uniq_prince_ribbit1
D:8:      layout_basic, fedhas_altar_3, gammafunk_ghost_cemetery, uniq_joseph
D:9:      layout_loops_ring, zombieorc1_lemuel, serial_shops,
          nicolae_lakefront_shop, serial_bayou_pond_a,
          chequers_serial_rivers_room_a, uniq_grum, uniq_maurice, uniq_erolcha
D:10:     layout_roguey, chequers_temple_overflow_minitemple,
          grunt_lair_entry_orc_guard_hut, serial_shops,
          nicolae_shop_tiny_real_fake_doors, uniq_harold
D:11:     layout_loops_ring, okawaru_humans
D:12:     layout_gridville
D:13:     layout_rooms, minmay_guarded_unrand_skullcrusher, uniq_urug,
          uniq_josephine
D:14:     layout_roguey, erik_vaults_2
D:15:     grunt_enter_depths_magical_seal, layout_loops_ring,
          fiery_altar_vehumet, minmay_microvault
Temple:   eino_temple_scatter_basement
Lair:1:   dreamdust_cave_troll, layout_regular_city, evilmike_ambush
          [evilmike_ambush_outer_pillars, evilmike_ambush_inner_basic]
Lair:2:   layout_cave_pods, basic_altar, gauntlet_entry_generic,
          nicolae_lair_grove_arrangements, serial_bayou_shore_b,
          grunt_megastairs_2
Lair:3:   layout_roguey, mainiacjoe_shoals_entry_four_pools,
          minmay_snake_entry_guardpost_small, dreamdust_gnoll_shepherd,
          infiniplex_staircase_pool_2
Lair:4:   layout_gridlike
Lair:5:   gammafunk_lair_ancient_temple, layout_small_grid,
          minmay_slime_entry_pillars, portal_ice_cave_entry_ice_simulacra
Shoals:1: layout_shoals, nicolae_tricolors
Shoals:2: layout_shoals, gammafunk_ghost_tricky_traps, uniq_polyphemus
Shoals:3: layout_shoals, nicolae_shoals_c_island, uniq_roxanne, uniq_ilsuiw
Shoals:4: shoals_end_hangedman, layout_shoals, gammafunk_ghost_wrathful_warriors
Snake:1:  layout_grid_shapes, grunt_megastairs_1, lemuel_fruit_tree,
          serial_bayou_shore_b, minmay_shoptagon
Snake:2:  layout_onion
Snake:3:  layout_chambers, nicolae_snake_salamander_zone, nicolae_integral_box,
          uniq_aizul
Snake:4:  grunt_snake_rune_serpentine_throne, layout_misc_corridors,
          minmay_shop_star, uniq_donald, uniq_saint_roka
Orc:1:    layout_caves
Orc:2:    grunt_orc_community_town_hall, layout_caves,
          grunt_orc_community_big_house_2, grunt_orc_community_big_house_1,
          grunt_orc_community_house_1, grunt_orc_community_house_1,
          grunt_orc_community_house_2, grunt_orc_community_house_3,
          grunt_orc_community_house_2, uniq_jorgrun, uniq_azrael, uniq_snorg
Elf:1:    eino_elf_arrival_the_gate, layout_loops_corners, basic_altar,
          kennysheep_underground_church, uniq_zenata
Elf:2:    nicolae_elf_blades_splatter_lattice [nooodl_blade_entry_preview],
          layout_loops_corners, minmay_misc_feat_five, grunt_ministairs_5
Elf:3:    minmay_elf_hall_quartered_circle, layout_loops_corners, serial_shops,
          shop, ebering_ghost_disaster_area
Vaults:1: nicolae_vaults_network_barrier, nicolae_vaults_storage_closets_2,
          vaults_dpeg_emergency_exit, grunt_vaults_swirl, v_misc_1,
          dpeg_vaults_monster_box, nicolae_vaults_security_offices_5,
          hangedman_vaults_pinch, v_misc_19, vaults_room_pool, v_alt_pattern_3,
          ontoclasm_vaults_misaligned, hangedman_vaults_stretched_pinwheel,
          layout_vaults_ring, nicolae_trove_entry_free_sample
Vaults:2: nicolae_vaults_corridor_and_loot_room,
          vaults_mumra_minichess_inversion, v_rooms_6,
          nicolae_vaults_trapezoid_lopsided_4, ontoclasm_vaults_twist,
          hangedman_vaults_slice, nicolae_vaults_little_squares_3,
          vaults_mumra_minichess, ontoclasm_vaults_chip,
          nicolae_vaults_variable_pillar_hall,
          nicolae_vaults_windows_and_doors_thing, nicolae_vaults_angled_halls,
          layout_vaults_omnicross, uniq_boris
Vaults:3: portal_desolation_entry_nicolae_slug, vaults_room_door_hall,
          nicolae_vaults_mini_display_case, nicolae_vaults_trapezoid_3,
          minmay_crypt_entry_simple_statues, nicolae_vaults_rhombus_6,
          vaults_room_pools, nicolae_vaults_trapezoid_1,
          nicolae_vaults_closet_pinwheel_6, nicolae_vaults_lightning_bolt,
          nicolae_vaults_prndl, v_alt_pattern_5, vaults_mumra_bighexcomb,
          nicolae_vaults_layer_cake_slice, layout_vaults_maze_bifur
Vaults:4: v_misc_25, v_pattern_4, vaults_room_ringed_pool,
          nicolae_vaults_wine_cellar, nicolae_vaults_ninety_degrees, v_misc_3,
          nicolae_vaults_double_plus_2, nicolae_vaults_variable_pillar_hall,
          v_misc_28, nicolae_vaults_off_center_swirl, ontoclasm_vaults_eye,
          layout_vaults_omnibox, serial_shops, nicolae_shop_tiny_real_fake_doors
Vaults:5
Depths:1: layout_cave_shapes, infiniplex_enter_wizlab_water, serial_shops, shop,
          hellmouth_1, minmay_misc_feat_x, hellmonk_guarded_unrand_rift
Depths:2: hangedman_elemental_death_ray, layout_gridlike,
          rand_demon_pan_entry_3, hell_entry, minmay_staircase_statues,
          uniq_grunn, uniq_norris
Depths:3: cheibrodos_poisonous_passages, layout_twisted_cross, enter_ziggurat_f,
          minmay_misc_feat_alley, hell_entry, abyss_entry
Depths:4: evilmike_zot_entry_argh, layout_honeycomb, hangedman_geh_valley,
          serial_bayou_shore_a, rand_demon_pan_entry_9, serial_bayou_shore_b,
          serial_bayou_shore_b, serial_bayou_shore_b
Zot:1:    lemuel_halls_of_wrath, layout_misc_corridors,
          regret_index_zotdec_slimy_original
Zot:2:    lemuel_firehouse, layout_onion_interference,
          regret_index_zotdec_icy_dp, serial_nicolae_subway,
          nicolae_sub_station_metal, nicolae_sub_station_crystal,
          nicolae_sub_station_stone
Zot:3:    layout_misc_corridors, gammafunk_ghost_abyssal_escape,
          grunt_megastairs_5
Zot:4:    layout_concentric_octagons
Zot:5:    layout_twisted_circle

Skill      XL: |  1  2  3  4  5  6  7  8  9 10 11 12 13 14 15 16 17 18 19 20 21 22 23 24 25 |
---------------+----------------------------------------------------------------------------+-----
Unarmed Combat | 2 3 4 5 7 9 11 12 14 16 17 19 21 23 24 26 27 | 27.0
Fighting       | 3 4 5 6 8 9 11 12 13 14 16 18 20 21 22 24 26 | 26.6
Armour         | 5 11 16 20 | 20.9
Shields        | 5 13 15 | 15.0

Action                     |  1- 3 |  4- 6 |  7- 9 | 10-12 | 13-15 | 16-18 | 19-21 | 22-24 | 25-27 || total
---------------------------+-------+-------+-------+-------+-------+-------+-------+-------+-------++-------
  Melee: Unarmed           |   158 |   196 |   166 |   910 |  1337 |  1655 |  1521 |   760 |   515 ||  7218
         Tailslap          |    19 |    21 |    22 |   136 |   223 |   304 |   292 |   178 |   142 ||  1337
  Throw: Throwing net      |       |       |       |     7 |     2 |       |       |       |       ||     9
         Dart              |       |       |       |     5 |       |       |       |       |       ||     5
 Invoke: Call Merchant     |       |       |       |     2 |     4 |       |     1 |       |       ||     7
         Potion Petition   |       |       |       |       |     1 |     1 |       |     1 |       ||     3
         Bribe Branch      |       |       |       |       |       |       |       |       |     2 ||     2
  Evoke: Wand              |       |     1 |    24 |    32 |       |    13 |       |     2 |     2 ||    74
         Condenser vane    |       |       |       |       |       |     1 |     1 |     1 |     1 ||     4
    Use: Scroll            |     5 |     6 |     1 |    11 |    14 |    23 |     5 |     5 |     7 ||    77
         Potion            |       |       |     7 |     6 |     4 |     4 |     5 |     1 |       ||    27
   Stab: Distracted        |       |       |     3 |     6 |     4 |     3 |    15 |     3 |     4 ||    38
         Held in net/web   |       |       |       |     1 |       |       |       |       |       ||     1
         Invisible         |       |       |       |       |     2 |    10 |       |       |       ||    12
         Confused          |       |       |       |       |       |       |     3 |       |       ||     3
 Armour: Scale mail        |   118 |   140 |   106 |       |       |       |       |       |       ||   364
         Skin              |       |       |    28 |       |     4 |       |    16 |       |       ||    48
         Ring mail         |       |       |    23 |   633 |   643 |       |       |       |       ||  1299
         Chain mail        |       |       |       |       |   318 |  1012 |   752 |   470 |   335 ||  2887
  Dodge: Dodged            |    59 |    50 |    32 |   239 |   279 |   159 |   119 |    80 |    53 ||  1070
  Block: Buckler           |    37 |    26 |    32 |    63 |       |       |       |       |       ||   158
         Kite shield       |       |       |       |   138 |   533 |  1038 |   731 |   403 |   234 ||  3077

Table legend: (Time is in decaauts)
 A = Elapsed time spent in this place.
 B = Non-inter-level travel time spent in this place.
 C = Inter-level travel time spent in this place.
 D = Time resting spent in this place.
 E = Time spent auto-exploring this place.
 F = Levels seen in this place.
 G = Mean time per level.
                   A        B        C        D        E       F      G
               +--------+--------+--------+--------+--------+-----+--------+
         Total |  36753 |  29936 |   6817 |   1598 |  17906 |  57 |  644.8 |
       Dungeon |  11993 |  10349 |   1644 |    491 |   7120 |  15 |  799.5 |
        Temple |     18 |      2 |     16 |      0 |      0 |   1 |   18.0 |
          Lair |   4851 |   4117 |    734 |    240 |   2573 |   5 |  970.2 |
        Shoals |   2092 |   1013 |   1079 |    113 |    213 |   4 |  523.0 |
     Snake Pit |   4438 |   4100 |    338 |    128 |   2652 |   4 | 1109.5 |
  Orcish Mines |   1614 |   1246 |    368 |    160 |    581 |   2 |  807.0 |
   Elven Halls |   2256 |   1779 |    477 |    233 |    856 |   3 |  752.0 |
        Vaults |   4272 |   3806 |    466 |      9 |   2519 |   5 |  854.4 |
        Depths |   1840 |    976 |    864 |      0 |    421 |   4 |  460.0 |
           Zot |   1545 |    717 |    828 |      5 |     81 |   5 |  309.0 |
         Abyss |    241 |    241 |      0 |      0 |     22 |   1 |  241.0 |
      Ziggurat |    386 |    386 |      0 |     54 |    203 |   5 |   77.2 |
         Trove |     74 |     74 |      0 |      0 |     54 |   1 |   74.0 |
    Desolation |    714 |    714 |      0 |      0 |    472 |   1 |  714.0 |
      Gauntlet |    412 |    412 |      0 |    162 |    139 |   1 |  412.0 |
               +--------+--------+--------+--------+--------+-----+--------+

Top non-repeatable levels by time:
 Snake:3: 1429 daAuts
   Elf:3: 1389 daAuts
  Lair:5: 1377 daAuts
     D:9: 1336 daAuts
     D:8: 1257 daAuts
 Snake:4: 1212 daAuts
   Orc:2: 1142 daAuts
  Lair:4: 1088 daAuts
  Lair:3: 1049 daAuts
Vaults:1: 1014 daAuts
Vaults:4: 989 daAuts
    D:11: 983 daAuts
 Snake:2: 927 daAuts
     D:7: 909 daAuts
    D:10: 885 daAuts
